 Dungeon Crawl Stone Soup version 0.27.1-2-g3b301248ec (webtiles) character file.

Game seed: 8778932767281948414

2783 raph the Arsonist (level 9, -5/49 HPs)
             Began as a Deep Elf Fire Elementalist on Sept 25, 2021.
             Was an Initiate of Kikubaaqudgha.
             Succumbed to a killer bee's poison
             ... on level 6 of the Dungeon on Sept 26, 2021.
             The game lasted 00:21:10 (7811 turns).

raph the Arsonist (Deep Elf Fire Elementalist)      Turns: 7811, Time: 00:21:11

Health: -5/49      AC: 10    Str:  6    XL:     9   Next: 43%
Magic:  12/18      EV: 14    Int: 23    God:    Kikubaaqudgha [......]
Gold:   96         SH:  0    Dex: 15    Spells: 5/18 levels left

rFire    . . .     SeeInvis +   a - +1 long sword
rCold    . . .     Faith    .   (no shield)
rNeg     . . .     Spirit   .   q - +0 robe
rPois    .         Reflect  .   (no helmet)
rElec    .         Harm     .   j - +2 cloak
rCorr    +         Rampage  .   o - +1 pair of gloves
Will     .....                  m - +2 pair of boots
Stlth    +++.......             (no amulet)
HPRegen  0.16/turn              k - ring of see invisible
MPRegen  0.16/turn              u - ring of resist corrosion

@: lethally poisoned (-5 -> -23)
A: no striking features
a: Renounce Religion


You were on level 6 of the Dungeon.
You worshipped Kikubaaqudgha.
Kikubaaqudgha was noncommittal.
You visited 2 branches of the dungeon, and saw 8 of its levels.

You collected 270 gold pieces.
You spent 174 gold pieces at shops.

Inventory:

Hand Weapons
 a - a +1 long sword (weapon)
 b - a +0 shortbow
 c - a +0 short sword
 d - a +3 dagger
 y - a +4 falchion of freezing
Missiles
 C - 55 arrows
Armour
 j - a +2 cloak (worn)
 m - a +2 pair of boots (worn)
 o - a +1 pair of gloves (worn)
 q - a +0 robe (worn)
Magical Staves
 g - a staff of earth
Jewellery
 k - a ring of see invisible (left hand)
 l - a ring of fire
 u - a ring of resist corrosion (right hand)
 B - a ring of fire
 E - a ring of ice
Wands
 v - a wand of polymorph (8)
Scrolls
 i - a scroll of enchant weapon
 p - a scroll of immolation
 t - a scroll of magic mapping
 D - a scroll of identify
Potions
 e - a potion of brilliance
 f - a potion of flight
 h - a potion of invisibility
 n - 5 potions of curing
 r - a potion of lignification
 s - a potion of resistance
 w - a potion of heal wounds
 x - a potion of might {unknown}
 z - a potion of magic {unknown}
 A - a potion of mutation {unknown}


   Skills:
 + Level 2.4 Fighting
 + Level 4.8 Dodging
 + Level 4.9 Stealth
 + Level 5.1 Spellcasting
 + Level 8.6 Conjurations
 + Level 1.5 Necromancy
 + Level 9.2 Fire Magic


You had 5 spell levels left.
You knew the following spells:

 Your Spells              Type           Power      Damage    Failure   Level
a - Foxfire               Conj/Fire      100%       2x1d9     1%          1
b - Conjure Flame         Conj/Fire      46%        6-21      1%          3
c - Sticky Flame          Conj/Fire      46%        2d6       2%          4
d - Fireball              Conj/Fire      23%        3d11      7%          5

Your spell library contained the following spells:

 Spells                   Type           Power      Damage    Failure   Level
 Inner Flame              Hex/Fire       27%        N/A       4%          3
 Stone Arrow              Conj/Erth      50%        3d10      4%          3
 Freeze                   Ice            20%        1d4       10%         1
 Bolt of Magma            Conj/Fire/Erth 16%        4d9       22%         5
 Ice Form                 Ice/Tmut       5%         N/A       67%         4
 Borgnjor's Vile Clutch   Necr/Erth      4%         N/A       88%         5
 Alistair's Intoxication  Tmut/Pois      3%         N/A       95%         5
 Eringya's Noxious Bog    Tmut/Pois      2%         N/A       100%        6


Dungeon Overview and Level Annotations

Branches:
Dungeon (7/15)             Temple (1/1) D:7

Altars:
Ashenzari
Cheibriados
Dithmenos
Elyvilon
Fedhas
Gozag
Hepliaklqana
Kikubaaqudgha
Makhleb
Nemelex Xobeh
Okawaru
Qazlal
Ru
Sif Muna
Trog
Uskayaw
Vehumet
Wu Jian
Xom
Yredelemnul
Zin
The Shining One
Beogh

Shops:
D:5 *

Annotations:
D:5 3 runed translucent doors, OdinelGallardo's ghost, amateur DECj


Message History

The killer bee is moderately wounded.
The killer bee stings you. The killer bee stings you!
* * * LOW HITPOINT WARNING * * *
The killer bee stings you but does no damage.
The killer bee misses you. The killer bee stings you.
* * * LOW HITPOINT WARNING * * *
* * * LOW HITPOINT WARNING * * *
You feel very sick.
The foxfire hits the killer bee.
You kill the killer bee!
Kikubaaqudgha accepts your kill.
The foxfire hits the killer bee!
The killer bee is severely wounded.
The killer bee barely misses you.
You feel much better.
You feel very sick. The killer bee stings you!
The killer bee stings you but does no damage.
The killer bee misses you.
You riposte.
You hit the killer bee.
The killer bee is severely wounded.
The killer bee barely misses you. x2; The killer bee closely misses you.
You feel very sick. The killer bee stings you.
* * * LOW HITPOINT WARNING * * *
The killer bee completely misses you.
The killer bee stings you but does no damage.
There is an escape hatch in the ceiling here.
* * * LOW HITPOINT WARNING * * *
You feel very sick.
The killer bee stings you but does no damage.
The killer bee stings you.
* * * LOW HITPOINT WARNING * * *
The killer bee misses you. The killer bee stings you.
* * * LOW HITPOINT WARNING * * *
You are more poisoned.
The killer bee poisons you! The killer bee closely misses you.
The killer bee stings you but does no damage.
A mysterious force pulls you upwards. The hatch slams shut behind you.
You die...
Kikubaaqudgha rasps: "You have failed me!
Welcome... death!"

# #.##########.# #.#.#### #
#............# #.#.###. #
#.##########.# #....... # #.# #.#
#.#.###. ##########.#
######.####.#.###. ...........#
#..............##.
.#.........#####.####.......#....
.#.######......yy# #.####....##.
.#.# #..####.@####.# #...###.
.#.#### #........y....####.#.###.
......# #........................
.####.# ##.###...#########.......
..###.####.###...##..........####
#.........<.........########.#
..###........................#
.#########.#....>..###########
...........###...###


You could see 3 killer bees.

Vanquished Creatures
  A two-headed ogre (D:5)
  A centaur zombie (D:5)
  Edmund (D:5)
  A sky beast (D:5)
  2 black bears
  A necrophage (D:4)
  2 ogres
  A centaur (D:7)
  A phantom (D:7)
  Blork the orc (D:6)
  2 scorpions
  2 water moccasin skeletons
  2 killer bees (D:7)
  4 wights (D:6)
  2 hounds
  A jelly (D:5)
  An orc priest (D:7)
  3 orc wizards
  Terence (D:3)
  An iguana (D:7)
  Natasha (twice) (D:2)
  4 hound skeletons
  4 adders
  A shadow imp (D:6)
  A white imp (D:6)
  4 dart slugs
  3 worms
  7 orcs
  6 endoplasms
  A giant cockroach (D:4)
  7 goblins
  6 hobgoblins
  8 jackals (D:1)
  5 quokkas
  7 ball pythons
  8 bats
  A frilled lizard (D:2)
  16 kobolds
  4 rats
126 creatures vanquished.

Vanquished Creatures (collateral kills)
  A foxfire (D:1)
1 creature vanquished.

Vanquished Creatures (others)
  362 foxfires
362 creatures vanquished.

Grand Total: 489 creatures vanquished

Notes
Turn   | Place    | Note
-------+----------+-------------------------------------------
     0 | D:1      | raph the Deep Elf Fire Elementalist began the quest for the
                  | Orb.
     0 | D:1      | Reached XP level 1. HP: 10/10 MP: 6/6
   232 | D:1      | Reached XP level 2. HP: 15/15 MP: 5/8
  1015 | D:1      | Reached XP level 3. HP: 10/19 MP: 7/9
  1245 | D:1      | Found a faded altar of an unknown god.
  1838 | D:1      | Reached skill level 4 in Fire Magic
  1962 | D:2      | Noticed Natasha
  1967 | D:2      | Killed Natasha
  1968 | D:2      | Reached XP level 4. HP: 24/24 MP: 4/10
  2152 | D:2      | Noticed Natasha
  2159 | D:2      | Killed Natasha
  2170 | D:2      | Learned a level 3 spell: Conjure Flame
  2175 | D:2      | Learned a level 4 spell: Sticky Flame
  2808 | D:3      | Reached XP level 5. HP: 28/28 MP: 9/12
  2903 | D:3      | Reached skill level 1 in Fighting
  3326 | D:3      | Noticed Terence
  3332 | D:3      | Killed Terence
  3756 | D:4      | Noticed an ogre
  3772 | D:4      | Killed an ogre
  3773 | D:4      | Reached skill level 5 in Fire Magic
  3773 | D:4      | Reached XP level 6. HP: 34/34 MP: 4/13
  4216 | D:4      | Reached XP level 7. HP: 38/38 MP: 11/15
  4276 | D:4      | Learned a level 5 spell: Fireball
  4376 | D:5      | Entered Level 5 of the Dungeon
  4433 | D:5      | Identified the +3 ring mail "Soppiqeh" {Harm Rampage rN+++
                  | Int-4}
  4433 | D:5      | Noticed a two-headed ogre
  4444 | D:5      | Killed a two-headed ogre
  4445 | D:5      | Reached skill level 7 in Fire Magic
  4445 | D:5      | Reached XP level 8. HP: 43/43 MP: 6/16
  4581 | D:5      | Found a runed translucent gate.
  4581 | D:5      | Found a runed translucent gate.
  4584 | D:5      | Noticed OdinelGallardo's ghost (amateur DECj)
  4585 | D:5      | Identified the +1 chain mail of Liberty {rF+ Int+4}
  4586 | D:5      | Found a runed translucent gate.
  4620 | D:5      | Found Butsofi's Assorted Antiques.
  4632 | D:5      | Bought a scroll labelled QUCEPA YFOJ for 29 gold pieces
  4706 | D:5      | Reached skill level 8 in Fire Magic
  4977 | D:5      | Noticed Edmund
  4986 | D:5      | Killed Edmund
  5536 | D:6      | Reached XP level 9. HP: 48/48 MP: 10/17
  5721 | D:6      | Found a glowing golden altar of the Shining One.
  5728 | D:6      | Identified a scroll of acquirement
  5728 | D:6      | Acquired the Volume of Hurtful Ice
  5828 | D:6      | Noticed Blork the orc
  5832 | D:6      | Killed Blork the orc
  6089 | D:6      | Reached skill level 9 in Fire Magic
  6615 | D:7      | Found a staircase to the Ecumenical Temple.
  6724 | Temple   | Entered the Ecumenical Temple
  6794 | Temple   | Became a worshipper of Kikubaaqudgha
  7410 | D:7      | Reached skill level 5 in Spellcasting
  7410 | D:7      | Reached skill level 1 in Necromancy
  7588 | D:5      | Bought a coral ring for 145 gold pieces
  7807 | D:7      | HP: 2/49 [poisoned by a killer bee]
  7811 | D:6      | Succumbed to a killer bee's poison

Illustrated notes

Levels and vault maps discovered:
D:1:      minmay_arrival_four_houses, layout_basic,
          hellmonk_ecumenical_altar_inner_sanctum
D:2:      layout_rooms, uniq_natasha
D:3:      layout_rooms, uniq_terence
D:4:      layout_basic, roderic_batcave, minmay_misc_feat_rows,
          hangedman_decor_growths
D:5:      layout_cave_pools, serial_shops, nicolae_lakefront_shop,
          biasface_ghost_orc_armoury, nrook_pool_corridor, st_stairs_13,
          uniq_edmund
D:6:      layout_loops_ring, mainiacjoe_overflow_concentric_impassable,
          uniq_blork_the_orc
D:7:      layout_layer_cave, minmay_temple_entry_mist, supply_closet_lemuel
Temple:   kilobyte_greek_temple

Skill      XL: |  1  2  3  4  5  6  7  8  9 |
---------------+----------------------------+-----
Conjurations   | 2 3 4 6 8 |  8.6
Fire Magic     | 4 5 7 8 9 |  9.2
Dodging        | 3 4 |  4.8
Stealth        | 3 4 |  4.9
Fighting       | 1 2 |  2.4
Spellcasting   | 4 5 |  5.1
Necromancy     | 1 |  1.5

Action                   |  1- 3 |  4- 6 |  7- 9 || total
-------------------------+-------+-------+-------++-------
Melee: Unarmed           |     3 |       |       ||     3
       Dagger            |    25 |    11 |       ||    36
       Long sword        |       |     1 |    19 ||    20
 Cast: Foxfire           |    55 |    98 |    60 ||   213
       Sticky Flame      |       |     4 |    11 ||    15
       Conjure Flame     |       |     4 |     6 ||    10
       Fireball          |       |       |    16 ||    16
  Use: Scroll            |       |     9 |    11 ||    20
       Potion            |       |       |     1 ||     1
 Stab: Sleeping          |     2 |     2 |       ||     4
Armor: Robe              |     8 |     8 |    31 ||    47
Dodge: Dodged            |    42 |    11 |    33 ||    86
       Rpst.: Long sword |       |     2 |     9 ||    11
